 Dungeon Crawl Stone Soup version 0.31-a0-963-ga325b2283a (webtiles) character file.

Game seed: 9746482200589976610

151461 Gargoyl the Severer (level 17, -4/174 HPs)
             Began as a Gargoyle Berserker on Oct 25, 2023.
             Was a High Priest of Trog.
             Slain by Donald
             ... wielding a +0 eveningstar
              (18 damage)
             ... on level 2 of the Orcish Mines on Oct 26, 2023.
             The game lasted 00:30:37 (22430 turns).

Gargoyl the Severer (Gargoyle Berserker)           Turns: 22430, Time: 00:30:37

Health: -4/174     AC: 41    Str: 23    XL:     17   Next: 56%
Magic:  27/27      EV: 16    Int: 18    God:    Trog [*****.]
Gold:   1497       SH:  5    Dex: 23    Spells: 16/16 levels left

rFire   . . .        P - +9 broad axe "Cexoan" {pain, Fly Int+3 Dex+2 SInv}
rCold   . . .        (no shield)
rNeg    + + .        u - +0 chain mail of Okawaru {rN+ Int+2}
rPois   ∞            F - +3 hat of Pondering {ponderous, Will+ MP+10 Int+5}
rElec   +            D - +1 cloak
rCorr   .            E - +0 pair of gloves
SInv    +            m - +2 pair of boots
Will    ++...        c - amulet of reflection Stlth
                     o - +4 ring of protection
HPRegen 0.49/turn    C - +6 ring of dexterity
MPRegen 0.20/turn

%: reflection
@: berserking, spiked, flying, studying Fighting, very quick
A: sickness immunity, AC +12, big wings, negative energy resistance 1,
electricity resistance, torment resistance 1, petrification resistance, see
invisible
a: Renounce Religion, Berserk, Trog's Hand, Brothers in Arms


You were on level 2 of the Orcish Mines.
You worshipped Trog.
Trog was extremely pleased with you.
You visited 3 branches of the dungeon, and saw 22 of its levels.
You also visited: Bailey and Ice Cave.

You collected 2099 gold pieces.
You spent 602 gold pieces at shops.

Inventory:

Hand Weapons
 a - a +1 hand axe of flaming
 P - the +9 broad axe "Cexoan" (weapon) {pain, Fly Int+3 Dex+2 SInv}
   (You found it on level 1 of the Lair of Beasts)

   Int+3:     It affects your intelligence (+3).
   Dex+2:     It affects your dexterity (+2).
   SInv:      It lets you see invisible.
   Fly:       It grants you flight.
 X - a +5 broad axe of flaming
Missiles
 j - 40 poisoned darts (quivered)
Armour
 k - a +0 helmet
 m - a +2 pair of boots (worn)
 u - the +0 chain mail of Okawaru (worn) {rN+ Int+2}
   (You found it on level 5 of the Dungeon)

   Int+2:     It affects your intelligence (+2).
   rN+:       It protects you from negative energy.
 D - a +1 cloak (worn)
 E - a +0 pair of gloves (worn)
 F - the +3 hat of Pondering (worn) {ponderous, Will+ MP+10 Int+5}
   (You took it off Gastronok on level 9 of the Dungeon)

   Int+5:     It affects your intelligence (+5).
   Will+:     It increases your willpower.
   MP+10:     It affects your magic capacity (+10).
Jewellery
 c - an amulet of reflection (around neck)
 d - an amulet of magic regeneration
 o - a +4 ring of protection (left hand)
 s - an amulet of guardian spirit
 C - a +6 ring of dexterity (right hand)
 J - an amulet of the acrobat
Wands
 b - a wand of mindburst (17)
 t - a wand of paralysis (22)
 v - a wand of digging (4)
 B - a wand of flame (75)
 G - a wand of light (22)
 H - a wand of iceblast (7)
 R - a wand of polymorph (11)
Scrolls
 h - 6 scrolls of teleportation
 r - 4 scrolls of revelation
 x - a scroll of fear
 y - 2 scrolls of fog
 A - 6 scrolls of blinking
 I - 3 scrolls of identify
 O - 4 scrolls of immolation
 Q - a scroll of vulnerability
Potions
 e - 4 potions of curing
 g - 2 potions of ambrosia
 i - 4 potions of magic
 l - 3 potions of brilliance {unknown}
 n - a potion of enlightenment
 p - 6 potions of haste
 q - 6 potions of mutation
 w - 11 potions of might
 z - 2 potions of lignification
 L - 5 potions of invisibility
 M - a potion of resistance {unknown}
 N - 4 potions of cancellation {unknown}
 T - a potion of berserk rage {unknown}


   Skills:
 + Level 16.7 Fighting
 + Level 16.9 Axes
 * Level 15.5 Armour
 * Level 10.8 Dodging
 + Level 3.6 Stealth
 + Level 8.7 Shields


You had 16 spell levels left.
You didn't know any spells.
Your spell library was empty.

Dungeon Overview and Level Annotations

Branches:
Dungeon (15/15)            Temple (0/1) D:6            Lair (5/5) D:11
  Swamp (0/4) Lair:2       Spider (0/4) Lair:2        Slime (0/5) Lair:5
    Orc (2/2) D:10         Vaults (0/5) D:13         Depths (0/4) D:15
 Bailey (visited)           IceCv (visited)
    Elf: Orc:2

Altars:
Ashenzari
Cheibriados
Dithmenos
Elyvilon
Hepliaklqana
Kikubaaqudgha
Makhleb
Nemelex Xobeh
Okawaru
Ru
Wu Jian
Xom
Jiyva

Shops:
D:7 *   D:8 [   D:10 *   D:12 [   D:14 *   Orc:2 [

Annotations:
D:5 1 runed translucent door, boombarfnjin2354fg's ghost, novice KoHu
Orc:2 Donald


Innate Abilities, Weirdness & Mutations

You are immune to sickness and miasma.
Your stone body is resilient. (AC +12)
You are immune to poison.
Your large and strong wings let you fly.
You resist negative energy. (rN+)
You are resistant to electric shocks. (rElec)
You are resistant to unholy torment.
You are immune to petrification.
You have supernaturally acute eyesight. (SInv)


Message History

The orc warlord is heavily wounded.
You hit the orc knight but do no damage.
You slash Donald!
Unknown command.
You slash the orc warlord!
The orc warlord is severely wounded.
You slice Donald!! You hit the orc knight.
Donald casts a spell.
Donald seems to grow stronger.
The orc warlord hits you but does no damage.
The orc knight hits you with a +2 great sword!!
You slash the orc warlord!
The orc warlord is severely wounded.
You slash the orc knight! You barely miss Donald. You slice the orc knight!!
Unknown command.
You slash the orc warlord!
You punch the orc warlord, but do no damage.
The orc warlord is almost dead.
You slice the orc knight!! You hit Donald. You slash the orc knight!
The orc warlord no longer looks unusually strong.
Donald hits you with a +0 eveningstar!
* * * LOW HITPOINT WARNING * * *
The orc knight hits you with a +2 great sword!!
* * * LOW HITPOINT WARNING * * *
The orc warlord hits you but does no damage.
The orc knight hits you with a +2 war axe of flaming!
* * * LOW HITPOINT WARNING * * *
The orc knight burns you.
* * * LOW HITPOINT WARNING * * *
You slash the orc warlord!
The orc warlord is almost dead.
You slash the orc knight! x2; You hit Donald.
Unknown command.
You slice the orc warlord!!
You kill the orc warlord!
Trog accepts your kill.
You slash the orc knight! You slice Donald!! You hit the orc knight.
Donald hits you with a +0 eveningstar!!
You die...
Donald says, "I won.
I... don't hate that."

P............
..P.........
.###...........
....................
.....................
............#........
......o)o............
......)@...# #......
.......[@)####.#.....
...∩...)).###........
........).)##<)......
P.8......)$)).)......
....PP...)..))†......
....P........$.....#.
#................#.#
#####..$..........##


You could see Donald (strong) and 2 orc knights.

Vanquished Creatures
  Rupert (D:15)
  Gastronok (D:9)
  Frances (D:12)
  A frost giant (IceCv)
  Louise (D:15)
  An orc warlord (Orc:2)
  A dire elephant (Lair:3)
  Snorg (D:10)
  A catoblepas (Lair:3)
  4 hydras
  An ogre mage (D:13)
  8 centaur warriors
  A vault guard (D:13)
  2 boulder beetles
  15 death yaks
  2 tengu warriors
  A vampire mage (D:15)
  A two-headed ogre (D:11)
  11 skeletal warriors
  A storm dragon zombie (D:15)
  A sphinx simulacrum (D:15)
  Pikel (D:4)
  A necromancer (D:15)
  2 deep elf pyromancers (D:14)
  13 ugly things
  3 orc knights (Orc:2)
  An orc sorcerer (Orc:2)
  2 manticores (D:13)
  5 cyclopes
  17 elephants
  5 black mambas
  10 cane toads
  An ice statue (IceCv)
  3 kobold demonologists
  9 komodo dragons
  An unseen horror (D:11)
  An efreet (D:14)
  4 yaktaurs (D:15)
  A tengu conjurer (D:15)
  6 rime drakes
  A meliai (D:13)
  5 trolls
  8 polar bears
  7 hornets
  19 blink frogs
  2 dream sheep (Lair:5)
  A blink frog (shapeshifter) (D:14)
  4 culicivoras (Lair:2)
  A centaur simulacrum (D:13)
  13 slime creatures
  Sigmund (D:4)
  15 spriggans
  2 humans (D:13)
  6 wyverns
  A shadow (D:12)
  A vampire (D:13)
  48 yaks
  2 basilisks
  5 wraiths
  Menkaure (D:4)
  9 vampire mosquitoes
  2 wargs
  An acid dragon (D:11)
  13 water moccasins
  22 orc warriors
  An ice beast (shapeshifter) (D:13)
  3 sky beasts
  3 black bears (Lair:5)
  51 wolves
  4 boggarts (Lair:5)
  21 centaurs
  3 ogres
  2 lemures (D:4)
  3 kobold brigands
  12 bullfrogs
  2 scorpions
  13 wights
  6 spriggan skeletons
  9 killer bees
  A troll skeleton (D:11)
  An electric eel (Lair:3)
  17 howler monkeys
  3 jellies
  A gnoll bouda (D:8)
  17 orc priests
  7 hounds
  A sleepcap (D:4)
  Terence (D:3)
  Natasha (thrice) (D:3)
  4 iguanas
  16 orc wizards
  Robin (D:3)
  18 gnolls
  8 adders
  16 white imps
  An ufetubus (D:7)
  4 dart slugs
  66 orcs
  4 ball pythons
  8 bats
  5 endoplasms
  4 giant cockroaches
  19 goblins
  7 hobgoblins
  10 jackals
  7 quokkas
  2 frilled lizards
  21 kobolds
  3 rats
  A spectral goblin (D:3)
743 creatures vanquished.

Vanquished Creatures (collateral kills)
  An ironbound thunderhulk (D:13)
  Josephine (D:11)
  A vault guard (D:13)
  A hydra (Lair:1)
  An ogre mage (D:13)
  2 centaur warriors (D:13)
  3 boulder beetles (D:13)
  A two-headed ogre (D:9)
  The ghost of Ara Eben the Summoner, a journeyman FeSu of Gozag (Lair:1)
  An ugly thing (D:13)
  A kobold demonologist (D:13)
  A wraith (D:11)
  An orc (D:10)
16 creatures vanquished.

Vanquished Creatures (others)
  An ogre mage (D:13)
  A meliai simulacrum (D:13)
  An adder (D:5)
3 creatures vanquished.

Grand Total: 762 creatures vanquished

Notes
Turn   | Place    | Note
-------+----------+-------------------------------------------
     0 | D:1      | Gargoyl the Gargoyle Berserker began the quest for the Orb.
     0 | D:1      | Reached XP level 1. HP: 14/14 MP: 1/1
   133 | D:1      | Reached XP level 2. HP: 6/19 MP: 2/2
   738 | D:2      | Reached XP level 3. HP: 24/24 MP: 3/3
  1010 | D:2      | Reached ** piety under Trog
  1061 | D:2      | Found a shadowy altar of Dithmenos.
  1257 | D:2      | Reached XP level 4. HP: 29/29 MP: 4/4
  1515 | D:3      | Noticed Robin
  1522 | D:3      | Killed Robin
  1542 | D:3      | Gained mutation: Your movements are slightly less
                  | encumbered by armour. (ER -2) [potion of mutation]
  1542 | D:3      | Gained mutation: You have supernaturally acute eyesight.
                  | (SInv) [potion of mutation]
  1542 | D:3      | Lost mutation: Your movements are slightly less encumbered
                  | by armour. (ER -2) [potion of mutation]
  1556 | D:3      | Noticed Terence
  1574 | D:3      | Killed Terence
  1575 | D:3      | Reached XP level 5. HP: 33/33 MP: 5/5
  1760 | D:3      | Found a hazy altar of Hepliaklqana.
  1976 | D:3      | Noticed Natasha
  1990 | D:3      | Killed Natasha
  1991 | D:3      | Reached skill level 1 in Shields
  2036 | D:3      | Noticed Natasha
  2043 | D:3      | Killed Natasha
  2106 | D:3      | Noticed Natasha
  2115 | D:3      | Killed Natasha
  2219 | D:3      | Reached *** piety under Trog
  2657 | D:4      | Noticed Menkaure
  2668 | D:4      | Killed Menkaure
  2669 | D:4      | Reached XP level 6. HP: 38/38 MP: 6/6
  2846 | D:4      | Reached XP level 7. HP: 44/44 MP: 7/7
  2867 | D:4      | Reached skill level 5 in Axes
  3132 | D:4      | Noticed Pikel
  3154 | D:4      | Killed Pikel
  3155 | D:4      | Reached skill level 5 in Armour
  3155 | D:4      | Reached XP level 8. HP: 21/48 MP: 8/8
  3303 | D:4      | Noticed Sigmund
  3312 | D:4      | Reached skill level 5 in Fighting
  3314 | D:4      | Killed Sigmund
  3407 | D:4      | Found an iron altar of Okawaru.
  3407 | D:4      | Found a sparkling altar of Nemelex Xobeh.
  3718 | D:5      | Entered Level 5 of the Dungeon
  4057 | D:5      | Found a runed translucent door.
  4058 | D:5      | Noticed boombarfnjin2354fg's ghost (novice KoHu)
  4061 | D:5      | Identified the +0 chain mail of Okawaru {rN+ Int+2}
  4392 | D:6      | Reached XP level 9. HP: 54/54 MP: 9/9
  4426 | D:6      | Found a staircase to the Ecumenical Temple.
  4461 | D:6      | Found a broken altar of Ashenzari.
  4766 | D:6      | Found an ornate altar of the Wu Jian Council.
  5204 | D:7      | Reached **** piety under Trog
  5207 | D:7      | Reached skill level 1 in Stealth
  5273 | D:7      | Found a shimmering altar of Xom.
  5273 | D:7      | Found a shimmering altar of Xom.
  5274 | D:7      | Found Ciffotsu's Assorted Antiques.
  5286 | D:7      | Bought a scroll of teleportation for 72 gold pieces
  5286 | D:7      | Bought a potion of mutation for 192 gold pieces
  5301 | D:7      | Found a shimmering altar of Xom.
  5301 | D:7      | Found a shimmering altar of Xom.
  5447 | D:7      | Noticed a guardian serpent
  5458 | D:7      | Found a shimmering altar of Xom.
  5587 | D:7      | Noticed a purple ugly thing
  5630 | D:7      | Killed a purple ugly thing
  5631 | D:7      | Reached skill level 5 in Dodging
  5631 | D:7      | Reached XP level 10. HP: 60/60 MP: 10/10
  5690 | D:7      | Found a burning altar of Makhleb.
  5805 | D:7      | Noticed a harpy
  5904 | D:7      | Noticed a steelbarb worm
  5916 | D:7      | Noticed an entropy weaver
  5951 | D:8      | Found a white marble altar of Elyvilon.
  6124 | D:8      | Found a snail-covered altar of Cheibriados.
  6182 | D:8      | Found a shadowy altar of Dithmenos.
  6666 | D:8      | Found Rybyq's Armour Boutique.
  6671 | D:8      | Bought a +0 cloak for 49 gold pieces
  6671 | D:8      | Bought a +0 pair of gloves for 49 gold pieces
  6916 | D:9      | Noticed Gastronok
  6943 | D:9      | Killed Gastronok
  7078 | D:9      | Reached XP level 11. HP: 60/67 MP: 11/11
  7105 | D:9      | Noticed a two-headed ogre
  7118 | D:9      | Killed a two-headed ogre
  7352 | D:9      | Reached skill level 10 in Axes
  7605 | D:10     | Entered Level 10 of the Dungeon
  7715 | D:10     | Reached skill level 5 in Shields
  7793 | D:10     | Found a flagged portal.
  7826 | Bailey   | Entered a bailey
  8162 | D:10     | Found a staircase to the Orcish Mines.
  8214 | D:10     | Noticed Snorg
  8223 | D:10     | Killed Snorg
  8267 | D:10     | Found an ancient bone altar of Kikubaaqudgha.
  8371 | D:10     | Found Ronoddur's Changing Room.
  8478 | D:10     | Reached skill level 10 in Armour
  9118 | D:11     | Reached ***** piety under Trog
  9423 | D:11     | Noticed a cyclops
  9437 | D:11     | Killed a cyclops
  9524 | D:11     | Noticed Josephine
  9532 | D:11     | Killed Josephine
  9533 | D:11     | Reached XP level 12. HP: 73/73 MP: 12/12
  9558 | D:11     | Found a staircase to the Lair.
  9558 | D:11     | Noticed a two-headed ogre
  9579 | D:11     | Killed a two-headed ogre
 10020 | Lair:1   | Entered Level 1 of the Lair of Beasts
 10666 | Lair:1   | Found a runed translucent gate.
 10666 | Lair:1   | Found a runed translucent gate.
 10666 | Lair:1   | Found a runed translucent gate.
 10668 | Lair:1   | Noticed an 11-headed hydra
 10668 | Lair:1   | Noticed a 12-headed hydra
 10668 | Lair:1   | Noticed Ara Eben's ghost (journeyman FeSu)
 10678 | Lair:1   | Killed a ten-headed hydra
 10691 | Lair:1   | Killed a five-headed hydra
 10696 | Lair:1   | Killed Ara Eben's ghost
 10705 | Lair:1   | Identified the +9 broad axe "Cexoan" {pain, Fly Int+3 Dex+2
                  | SInv}
 11043 | Lair:2   | Noticed a six-headed hydra
 11055 | Lair:2   | Killed a one-headed hydra
 11177 | Lair:2   | Noticed an eight-headed hydra
 11191 | Lair:2   | Killed a one-headed hydra
 11192 | Lair:2   | Reached XP level 13. HP: 62/81 MP: 13/13
 11330 | Lair:2   | Reached skill level 10 in Fighting
 11616 | Lair:2   | Found a staircase to the Swamp.
 11624 | Lair:2   | Found a hole to the Spider Nest.
 13057 | Lair:3   | Noticed a dire elephant
 13076 | Lair:3   | Killed a dire elephant
 13082 | Lair:3   | Gained mutation: Your large and strong wings let you fly.
                  | [Gargoyle growth]
 13082 | Lair:3   | Reached XP level 14. HP: 68/91 MP: 14/14
 14893 | Lair:5   | Entered Level 5 of the Lair of Beasts
 14971 | Lair:5   | Received a gift from Trog
 15204 | Lair:5   | Found a viscous altar of Jiyva.
 15205 | Lair:5   | Found a staircase to the Slime Pits.
 15265 | Lair:5   | Identified the ring of Xuwkyorr {Fly MP+9}
 15639 | Lair:5   | Identified the ring "Rezeigac" {Fire Will- rCorr Dex+4}
 16503 | D:12     | Noticed Frances
 16513 | D:12     | Killed Frances
 16524 | D:12     | Reached XP level 15. HP: 57/100 MP: 15/15
 16831 | D:12     | Found a frozen archway.
 16851 | IceCv    | Entered an ice cave
 16860 | IceCv    | Reached skill level 15 in Axes
 17309 | IceCv    | Noticed a frost giant
 17320 | IceCv    | Killed a frost giant
 18126 | D:12     | Found Neisoom's Armour Shoppe.
 18180 | D:12     | Found a sacrificial altar of Ru.
 18539 | D:13     | Reached skill level 15 in Fighting
 18877 | D:13     | Received a gift from Trog
 18888 | D:13     | Reached skill level 10 in Dodging
 19150 | D:13     | Found a gate to the Vaults.
 19675 | D:14     | Found Zaigah's General Store.
 19782 | D:14     | Reached XP level 16. HP: 108/108 MP: 16/16
 19915 | D:14     | Bought a scroll of enchant weapon for 120 gold pieces
 19915 | D:14     | Bought a scroll of enchant weapon for 120 gold pieces
 20434 | D:15     | Entered Level 15 of the Dungeon
 20438 | D:15     | Noticed Louise
 20440 | D:15     | Found a staircase to the Depths.
 20474 | D:15     | Killed Louise
 20638 | D:15     | Noticed Rupert
 20641 | D:15     | Reached skill level 15 in Armour
 20669 | D:15     | Killed Rupert
 20679 | D:15     | HP: 4/165 [very large slime creature (17)]
 21185 | D:15     | Received a gift from Trog
 21387 | D:15     | Found an iron altar of Okawaru.
 21838 | Orc:1    | Entered Level 1 of the Orcish Mines
 21839 | Orc:1    | Identified a scroll of acquirement
 21839 | Orc:1    | Acquired a manual of Fighting
 21841 | Orc:1    | Reached XP level 17. HP: 116/116 MP: 17/17
 22380 | Orc:2    | Entered Level 2 of the Orcish Mines
 22393 | Orc:2    | Found Uhoenn's Antique Armour Shop.
 22411 | Orc:2    | Noticed Donald
 22430 | Orc:2    | Slain by Donald

Illustrated notes

Levels and vault maps discovered:
D:1:      eino_arrival_water_cross, layout_basic
D:2:      layout_basic, basic_altar
D:3:      layout_basic, nicolae_hepliaklqana_monster_ancestors, uniq_robin,
          uniq_terence, uniq_natasha
D:4:      layout_gridville, nicolae_overflow_two_pavilions, minmay_circle_x,
          uniq_menkaure, uniq_sigmund, uniq_pikel
D:5:      layout_cave_pools, gammafunk_ghost_grave, serial_column_ruins,
          column_ruins_hut, column_ruins_courtyard_long, column_ruins_grid_4,
          column_ruins_grid_4, column_ruins_open_medium,
          column_ruins_columns_dead_end
D:6:      layout_cave_pools, mainiacjoe_overflow_24_doors,
          ashenzari_conservatory_becter, minmay_temple_entry_offerings,
          minmay_misc_feat_nine_boxes
D:7:      minmay_chambers_of_fours, layout_rooms, makhleb_heckhound_becter,
          xom_shifter_show, serial_shops, shop
D:8:      layout_cave_pools, amcnicky_altar_gilded, general_overflow_altar,
          mainiacjoe_overflow_boulevard, serial_shops, kennysheep_little_box
D:9:      layout_irregular_city, supply_closet_lemuel,
          kennysheep_decorative_pillar, hangedman_decor_opposing, uniq_gastronok
D:10:     layout_loops_cross, overflow_temple_1_default, david_orc_2,
          enter_bailey_5, nicolae_transmutations_shop, grunt_decor_clamped,
          uniq_snorg
D:11:     layout_basic, minmay_lair_entry_grove, hangedman_tell_no_tales,
          uniq_josephine
D:12:     layout_long_grid, serial_shops, nicolae_shop_behind_doors,
          portal_ice_cave_entry_imps, nicolae_ru_the_path_less_chosen,
          uniq_frances
D:13:     minmay_dotted_concentric_squares, layout_cave_pools,
          hellmonk_vaults_keyhole
D:14:     layout_loops_ring, serial_shops, nicolae_shop_waterfront,
          minmay_hedge_maze
D:15:     gammafunk_depths_entry_grave, layout_loops_ring,
          hangedman_decor_points, okawaru_metal_pillars_3, uniq_rupert,
          uniq_louise
Lair:1:   layout_cave_shapes, gammafunk_ghost_hydra_chop, serial_bayou_shore_a,
          grunt_megastairs_4
Lair:2:   layout_long_grid, swamp_mist, hellmonk_spider_entry_life_and_decay
Lair:3:   mu_elephants_graveyard, layout_gridlike, minmay_holes,
          grunt_forest_small_clearings, serial_bayou_shore_b
Lair:4:   layout_regular_city
Lair:5:   minmay_lair_end_enchanted_forest, layout_regular_city, slime_entry_1
Orc:1:    layout_caves, basic_altar
Orc:2:    grunt_orc_gardens, layout_diamond_mine, grunt_orc_garden,
          grunt_orc_garden, grunt_orc_garden, grunt_orc_garden,
          nicolae_orc_sculptors_studio, nicolae_orc_flooded_monolith,
          dreamdust_deal_with_the_devil, nicolae_orc_bridge_out, uniq_donald

Skill      XL: |  1  2  3  4  5  6  7  8  9 10 11 12 13 14 15 16 |
---------------+-------------------------------------------------+-----
Axes           | 3 4 5 6 8 9 11 12 13 14 16 | 16.9
Dodging        | 2 3 4 5 6 7 8 9 10 | 10.8
Fighting       | 4 5 6 7 8 9 11 13 15 16 | 16.7
Shields        | 1 2 3 4 5 6 7 8 |  8.7
Armour         | 3 5 6 7 9 10 12 13 14 15 | 15.5
Stealth        | 1 2 3 |  3.6

Action                     |  1- 3 |  4- 6 |  7- 9 | 10-12 | 13-15 | 16-18 || total
---------------------------+-------+-------+-------+-------+-------+-------++-------
  Melee: Hand axe          |   104 |   135 |   380 |   730 |     6 |       ||  1355
         Punch             |     1 |     4 |     6 |     6 |    11 |     4 ||    32
         Broad axe         |       |       |       |    26 |   871 |   283 ||  1180
 Invoke: Berserk           |     1 |     6 |     8 |    13 |    12 |     4 ||    44
         Trog's Hand       |       |     1 |     4 |     8 |     7 |     2 ||    22
         Brothers in Arms  |       |       |       |     4 |     2 |       ||     6
    Use: Scroll            |     3 |     3 |     7 |     5 |    13 |     7 ||    38
         Potion            |       |     1 |       |     2 |     3 |     3 ||     9
   Stab: Sleeping          |     1 |       |       |       |       |       ||     1
 Armour: Animal skin       |    39 |       |       |       |       |       ||    39
         Ring mail         |    28 |    20 |       |       |       |       ||    48
         Chain mail        |       |    73 |   331 |   668 |   922 |   213 ||  2207
  Dodge: Dodged            |    57 |    65 |   191 |   416 |   738 |   181 ||  1648
  Block: Other             |    31 |    46 |    89 |   197 |   260 |    59 ||   682
         Reflection        |       |       |       |     1 |    16 |     7 ||    24

Table legend: (Time is in decaauts)
 A = Elapsed time spent in this place.
 B = Non-inter-level travel time spent in this place.
 C = Inter-level travel time spent in this place.
 D = Time resting spent in this place.
 E = Time spent auto-exploring this place.
 F = Levels seen in this place.
 G = Mean time per level.
                   A        B        C        D        E       F      G
               +--------+--------+--------+--------+--------+-----+--------+
         Total |  23352 |  22311 |   1041 |   1496 |  15591 |  24 |  973.0 |
       Dungeon |  14581 |  13773 |    808 |    562 |   9818 |  15 |  972.1 |
          Lair |   6593 |   6380 |    213 |    431 |   4653 |   5 | 1318.6 |
  Orcish Mines |    600 |    581 |     19 |      0 |    459 |   2 |  300.0 |
        Bailey |    316 |    316 |      0 |      0 |    157 |   1 |  316.0 |
      Ice Cave |   1261 |   1261 |      0 |    502 |    501 |   1 | 1261.0 |
               +--------+--------+--------+--------+--------+-----+--------+

Top non-repeatable levels by time:
  Lair:2: 1865 daAuts
  Lair:5: 1333 daAuts
    D:15: 1323 daAuts
  Lair:4: 1276 daAuts
   IceCv: 1261 daAuts
  Lair:3: 1245 daAuts
     D:3: 1186 daAuts
    D:10: 1164 daAuts
    D:13: 1124 daAuts
    D:11: 1117 daAuts
     D:4: 1110 daAuts
    D:14: 1105 daAuts
    D:12: 944 daAuts
     D:9: 908 daAuts
     D:2: 879 daAuts
